Havana Tropicals vs Rock Island Raccoons
Created - Saturday, March 25, 2023 at 08:48
Goals
|
| Havana Tropicals |
0 |
2 |
0 |
2 |
| Rock Island Raccoons |
1 |
0 |
3 |
4 |
|
Shots
|
| Havana Tropicals |
8 |
8 |
10 |
26 |
| Rock Island Raccoons |
15 |
16 |
7 |
38 |
|
1st period
1. Rock Island Raccoons , Luke Glendening 8 (Carl Hagelin 9) at 13:41
Penalties :
Sam Carrick (RIR) for Interference (Minor) at 7:53, Ryan Lindgren (RIR) for Hooking (Minor) at 13:52, Henrik Borgstrom (HAV) for Tripping (Minor) at 18:36
2nd period
2. Havana Tropicals , Philipp Kurashev 2 (Zach Aston-Reese 7) at 3:50
3. Havana Tropicals , Zach Whitecloud 3 (Zach Aston-Reese 8, Teddy Blueger 17) at 15:57 (PP)
Penalties :
Ben Harpur (RIR) for Fighting (Major) at 1:09, Zach Whitecloud (HAV) for Fighting (Major) at 1:09, Ryan Lindgren (RIR) for Hooking (Minor) at 15:45, Dean Kukan (HAV) for Holding Stick (Minor) at 17:47
3rd period
4. Rock Island Raccoons , Alex Barre-Boulet 1 (Sam Carrick 1, Filip Chytil 3) at 9:04
5. Rock Island Raccoons , Drake Caggiula 3 (Luke Glendening 9, Ryan Lindgren 2) at 11:38 (PP)
6. Rock Island Raccoons , Carl Hagelin 6 (Luke Glendening 10, Jake Walman 2) at 19:12
Penalties :
Zach Aston-Reese (HAV) for Roughing (Minor) at 9:56, Logan Stanley (RIR) for Fighting (Major) at 13:15, Nolan Foote (HAV) for Fighting (Major) at 13:15, Ben Harpur (RIR) for Hooking (Minor) at 19:28
Goalie Stats
Eric Comrie (HAV), 34 saves from 38 shots - (0.895), L, 7-2-2, 60:00 minutes
Braden Holtby (RIR), 24 saves from 26 shots - (0.923), W, 8-1-0, 60:00 minutes
Players Stats for Havana Tropicals
Player Name G A P +/- PIM S H SB GA TA FO MP PP MP PK MP
------------------------------------------------------------------------------------
Alexander Nylander 0 0 0 -1 0 1 3 0 0 0 0/0 9:27 0:00 0:00
Chris Tierney 0 0 0 -1 0 2 0 1 0 1 5/12 17:58 1:56 1:21
Dean Kukan 0 0 0 0 2 0 0 1 0 1 0/0 21:28 1:20 1:55
Dennis Cholowski 0 0 0 0 0 0 0 0 0 0 0/0 13:26 0:00 1:05
Emil Bemstrom 0 0 0 0 0 0 0 1 1 0 0/0 1:27 0:00 0:00
Henrik Borgstrom 0 0 0 -1 2 0 1 0 0 0 1/2 12:08 0:03 0:18
Milan Lucic 0 0 0 -1 0 0 1 1 0 0 0/0 16:33 1:56 0:00
Nolan Foote 0 0 0 -1 5 0 1 0 0 0 0/0 9:22 0:00 0:15
Pavel Dorofeyev 0 0 0 1 0 4 0 0 0 0 0/0 12:31 0:00 1:11
Philipp Kurashev 1 0 1 0 0 2 1 0 0 0 2/4 12:15 0:03 0:00
Pierre-Edouard Bellemare 0 0 0 -1 0 3 2 0 1 0 0/1 21:28 2:42 3:25
Robert Bortuzzo 0 0 0 -2 0 0 1 1 0 0 0/0 25:43 3:21 2:40
Sammy Blais 0 0 0 -1 0 5 2 0 1 0 0/0 16:53 1:56 0:00
Teddy Blueger 0 1 1 -1 0 1 4 0 1 1 17/33 21:04 2:45 3:25
Timothy Liljegren 0 0 0 0 0 0 4 3 1 0 0/0 22:25 1:20 3:00
Tucker Poolman 0 0 0 1 0 0 3 0 0 0 0/0 14:18 0:00 0:00
Zach Aston-Reese 0 2 2 1 2 6 2 0 1 0 0/1 23:10 2:42 1:25
Zach Whitecloud 1 0 1 -3 5 2 0 0 0 1 0/0 22:39 3:21 2:40
Players Stats for Rock Island Raccoons
Player Name G A P +/- PIM S H SB GA TA FO MP PP MP PK MP
------------------------------------------------------------------------------------
Alex Barre-Boulet 1 0 1 1 0 1 0 0 0 0 0/0 7:24 0:39 0:00
Andrew Ladd 0 0 0 -1 0 2 1 0 0 0 0/0 18:27 2:37 1:09
Andy Greene 0 0 0 -1 0 3 0 0 0 0 0/0 27:47 4:03 3:25
Ben Harpur 0 0 0 1 7 0 2 0 0 0 0/0 12:24 0:00 0:00
Brendan Smith 0 0 0 2 0 0 1 1 1 0 0/1 18:25 2:55 1:28
Brian Boyle 0 0 0 0 0 3 1 0 0 0 0/0 12:24 0:03 0:00
Carl Hagelin 1 1 2 2 0 11 2 1 1 1 3/5 25:04 2:55 3:25
Drake Caggiula 1 0 1 -1 0 2 2 0 0 0 0/1 17:18 2:37 0:00
Dryden Hunt 0 0 0 0 0 0 0 0 0 0 0/0 2:16 0:15 0:00
Filip Chytil 0 1 1 0 0 4 0 0 0 0 2/3 12:57 0:00 0:19
Gustav Lindstrom 0 0 0 1 0 2 1 1 0 0 0/0 18:57 1:37 0:24
Jake Walman 0 1 1 1 0 1 0 0 0 0 0/0 13:50 0:00 1:02
Logan Stanley 0 0 0 1 5 0 1 0 0 0 0/0 17:48 1:37 1:02
Luke Glendening 1 2 3 2 0 7 1 0 1 1 18/33 27:01 2:22 3:23
Mathieu Perreault 0 0 0 -1 0 1 2 0 0 0 4/8 18:21 2:37 1:06
Nate Thompson 0 0 0 1 0 0 2 0 1 2 0/0 9:06 0:00 0:00
Ryan Lindgren 0 1 1 1 4 1 1 2 0 1 0/0 25:56 4:03 2:01
Sam Carrick 0 1 1 1 2 0 4 0 0 1 1/2 9:48 0:00 0:00
3 Stars
1 - Luke Glendening (RIR)
2 - Carl Hagelin (RIR)
3 - Alex Barre-Boulet (RIR)
Power Play
Havana Tropicals - 1 on 4 Attempt(s) - 25.00%
Rock Island Raccoons - 1 on 3 Attempt(s) - 33.33%
Penalty Kill
Havana Tropicals - 2 on 3 Attempt(s) - 66.67%
- Score 0 goal in Penalty Kill
Rock Island Raccoons - 3 on 4 Attempt(s) - 75.00%
- Score 0 goal in Penalty Kill
Team Stat
Havana Tropicals - Hits : 25 - Faceoff Wins : 25 - Blocked Shots : 8 - Penalty Minutes : 16
Rock Island Raccoons - Hits : 21 - Faceoff Wins : 28 - Blocked Shots : 5 - Penalty Minutes : 18
Official
Referees : Dean Morton and Eric Furlatt
Linesman : Michel Cormier and Steve Barton
Game Notes
Emil Bemstrom is injured at 6:06 of 1st period (Bruised Right Shoulder)
Ben Harpur and Zach Whitecloud fight to a draw at 1:09 of 2nd period
Logan Stanley beats up Nolan Foote at 13:15 of 3rd period
Havana Tropicals
5 vs 5 Forward
Center Left Wing Right Wing Time % Phy DF OF
1 Teddy Blueger Pierre-Edouard Bellemare Zach Aston-Reese 40 1 2 2
2 Chris Tierney Milan Lucic Sammy Blais 30 1 2 2
3 Philipp Kurashev Emil Bemstrom Pavel Dorofeyev 20 1 2 2
4 Henrik Borgstrom Nolan Foote Alexander Nylander 10 1 2 2
5 vs 5 Defense
Defense Defense Time % Phy DF OF
1 Zach Whitecloud Robert Bortuzzo 40 1 2 2
2 Timothy Liljegren Dean Kukan 30 1 2 2
3 Tucker Poolman Dennis Cholowski 20 1 2 2
4 Zach Whitecloud Robert Bortuzzo 10 1 2 2
PowerPlay Forward
Center Left Wing Right Wing Time % Phy DF OF
1 Teddy Blueger Pierre-Edouard Bellemare Zach Aston-Reese 60 1 2 2
2 Chris Tierney Milan Lucic Sammy Blais 40 1 2 2
PowerPlay Defense
Defense Defense Time % Phy DF OF
1 Zach Whitecloud Robert Bortuzzo 60 1 2 2
2 Timothy Liljegren Dean Kukan 40 1 2 2
Penalty Kill 4 Players Forward
Center Wing Time % Phy DF OF
1 Teddy Blueger Pierre-Edouard Bellemare 60 1 2 2
2 Chris Tierney Zach Aston-Reese 40 1 2 2
Penalty Kill 4 Players Defense
Defense Defense Time % Phy DF OF
1 Zach Whitecloud Robert Bortuzzo 60 1 2 2
2 Timothy Liljegren Dean Kukan 40 1 2 2
Penalty Kill - 3 Players Forward
Forward Time % Phy DF OF
1 Teddy Blueger 60 1 2 2
2 Pierre-Edouard Bellemare 40 1 2 2
Penalty Kill - 3 Players Defense
Defense Defense Time % Phy DF OF
1 Zach Whitecloud Robert Bortuzzo 60 1 2 2
2 Timothy Liljegren Dean Kukan 40 1 2 2
4 vs 4 Forward
Center Wing Time % Phy DF OF
1 Teddy Blueger Pierre-Edouard Bellemare 60 1 2 2
2 Chris Tierney Zach Aston-Reese 40 1 2 2
4 vs 4 Defense
Defense Defense Time % Phy DF OF
1 Zach Whitecloud Robert Bortuzzo 60 1 2 2
2 Timothy Liljegren Dean Kukan 40 1 2 2
Last Minutes Offensive
Center Left Wing Right Wing Defense Defense
Teddy Blueger Pierre-Edouard Bellemare Zach Aston-Reese Zach Whitecloud Robert Bortuzzo
Last Minutes Defensive
Center Left Wing Right Wing Defense Defense
Teddy Blueger Pierre-Edouard Bellemare Zach Aston-Reese Zach Whitecloud Robert Bortuzzo
Goaltenders
Starting : Eric Comrie
Backup : Arvid Soderblom
Extra Forwards
Normal : Philipp Kurashev, Emil Bemstrom, Pavel Dorofeyev - PP : Philipp Kurashev, Emil Bemstrom - PK : Pavel Dorofeyev
Extra Defensemen
Normal : Tucker Poolman, Dennis Cholowski, Timothy Liljegren - PP : Tucker Poolman - PK : Dennis Cholowski, Timothy Liljegren
Penalty Shots
Teddy Blueger, Pierre-Edouard Bellemare, Chris Tierney, Zach Aston-Reese, Milan Lucic
Rock Island Raccoons
5 vs 5 Forward
Center Left Wing Right Wing Time % Phy DF OF
1 Luke Glendening Carl Hagelin Brendan Smith 40 1 2 2
2 Mathieu Perreault Andrew Ladd Drake Caggiula 30 1 2 2
3 Filip Chytil Brian Boyle Luke Glendening 20 1 2 2
4 Sam Carrick Nate Thompson Carl Hagelin 10 1 2 2
5 vs 5 Defense
Defense Defense Time % Phy DF OF
1 Ryan Lindgren Andy Greene 40 1 2 2
2 Logan Stanley Gustav Lindstrom 30 1 2 2
3 Ben Harpur Jake Walman 20 1 2 2
4 Ryan Lindgren Andy Greene 10 1 2 2
PowerPlay Forward
Center Left Wing Right Wing Time % Phy DF OF
1 Luke Glendening Carl Hagelin Brendan Smith 60 1 2 2
2 Mathieu Perreault Andrew Ladd Drake Caggiula 40 1 2 2
PowerPlay Defense
Defense Defense Time % Phy DF OF
1 Ryan Lindgren Andy Greene 60 1 2 2
2 Logan Stanley Gustav Lindstrom 40 1 2 2
Penalty Kill 4 Players Forward
Center Wing Time % Phy DF OF
1 Luke Glendening Carl Hagelin 60 1 2 2
2 Mathieu Perreault Andrew Ladd 40 1 2 2
Penalty Kill 4 Players Defense
Defense Defense Time % Phy DF OF
1 Ryan Lindgren Andy Greene 60 1 2 2
2 Logan Stanley Brendan Smith 40 1 2 2
Penalty Kill - 3 Players Forward
Forward Time % Phy DF OF
1 Luke Glendening 60 1 2 2
2 Carl Hagelin 40 1 2 2
Penalty Kill - 3 Players Defense
Defense Defense Time % Phy DF OF
1 Ryan Lindgren Andy Greene 60 1 2 2
2 Logan Stanley Brendan Smith 40 1 2 2
4 vs 4 Forward
Center Wing Time % Phy DF OF
1 Luke Glendening Carl Hagelin 60 1 2 2
2 Mathieu Perreault Andrew Ladd 40 1 2 2
4 vs 4 Defense
Defense Defense Time % Phy DF OF
1 Ryan Lindgren Andy Greene 60 1 2 2
2 Logan Stanley Brendan Smith 40 1 2 2
Last Minutes Offensive
Center Left Wing Right Wing Defense Defense
Luke Glendening Carl Hagelin Brendan Smith Ryan Lindgren Andy Greene
Last Minutes Defensive
Center Left Wing Right Wing Defense Defense
Luke Glendening Carl Hagelin Brendan Smith Ryan Lindgren Andy Greene
Goaltenders
Starting : Braden Holtby
Backup : Mikko Koskinen
Extra Forwards
Normal : Alex Barre-Boulet, Dryden Hunt, Filip Chytil - PP : Alex Barre-Boulet, Dryden Hunt - PK : Filip Chytil
Extra Defensemen
Normal : Ben Harpur, Jake Walman, Gustav Lindstrom - PP : Ben Harpur - PK : Jake Walman, Gustav Lindstrom
Penalty Shots
Luke Glendening, Carl Hagelin, Brendan Smith, Mathieu Perreault, Andrew Ladd
% Time on Ice - Havana Tropicals
Lines # - Real PCT - Wanted PCT - Time Play
Normal Forward
1 - 29% - 40% - 14:27
2 - 31% - 30% - 15:10
3 - 21% - 20% - 10:15
4 - 19% - 10% - 9:20
Normal Defense
1 - 37% - 40% - 18:06
2 - 37% - 30% - 18:05
3 - 24% - 20% - 11:56
4 - 2% - 10% - 1:05
PP Forward
1 - 59% - 60% - 2:45
2 - 41% - 40% - 1:56
PP Defense
1 - 72% - 60% - 3:21
2 - 28% - 40% - 1:20
PK Forward
1 - 76% - 60% - 4:19
2 - 24% - 40% - 1:21
PK Defense
1 - 47% - 60% - 2:40
2 - 53% - 40% - 3:00
PK3 Forward
1 - 0% - 60%
2 - 0% - 40%
PK3 Defense
1 - 0% - 60%
2 - 0% - 40%
44 Forward
1 - 0% - 60%
2 - 0% - 40%
44 Defense
1 - 0% - 60%
2 - 0% - 40%
Last Minute Offensive - 0:27
Last Minute Defensive - 0:00
Total
Forward - 60:00
Defense - 60:00
|
% Time on Ice - Rock Island Raccoons
Lines # - Real PCT - Wanted PCT - Time Play
Normal Forward
1 - 25% - 40% - 12:16
2 - 33% - 30% - 16:12
3 - 24% - 20% - 11:38
4 - 18% - 10% - 9:06
Normal Defense
1 - 38% - 40% - 18:31
2 - 35% - 30% - 17:00
3 - 25% - 20% - 12:26
4 - 3% - 10% - 1:15
PP Forward
1 - 54% - 60% - 3:03
2 - 46% - 40% - 2:37
PP Defense
1 - 71% - 60% - 4:03
2 - 29% - 40% - 1:37
PK Forward
1 - 77% - 60% - 3:35
2 - 23% - 40% - 1:06
PK Defense
1 - 78% - 60% - 3:39
2 - 22% - 40% - 1:02
PK3 Forward
1 - 0% - 60%
2 - 0% - 40%
PK3 Defense
1 - 0% - 60%
2 - 0% - 40%
44 Forward
1 - 0% - 60%
2 - 0% - 40%
44 Defense
1 - 0% - 60%
2 - 0% - 40%
Last Minute Offensive - 0:00
Last Minute Defensive - 0:27
Total
Forward - 60:00
Defense - 60:00
|
Play-by-Play
1st period
0:01 of 1st period - Luke Glendening wins face-off versus Teddy Blueger in neutral zone.
0:04 of 1st period - Wrist shot by Carl Hagelin.
0:04 of 1st period - Shot Misses the Net.
0:10 of 1st period - Robert Bortuzzo is hit by Ryan Lindgren and loses puck.
0:46 of 1st period - Snap shot by Filip Chytil.
0:46 of 1st period - Shot Blocked by Dean Kukan.
1:23 of 1st period - Teddy Blueger is hit by Mathieu Perreault and loses puck.
1:44 of 1st period - Wrist shot by Zach Aston-Reese.
1:44 of 1st period - Stopped by Braden Holtby without a rebound.
1:45 of 1st period - Sam Carrick wins face-off versus Chris Tierney in Rock Island Raccoons zone.
3:40 of 1st period - Dennis Cholowski is hit by Sam Carrick.
3:44 of 1st period - Dennis Cholowski is hit by Nate Thompson and loses puck.
4:36 of 1st period - Snap shot by Sammy Blais.
4:36 of 1st period - Stopped by Braden Holtby with a rebound.
5:08 of 1st period - Gustav Lindstrom is hit by Henrik Borgstrom and loses puck.
5:23 of 1st period - Pierre-Edouard Bellemare is hit by Logan Stanley and loses puck.
5:30 of 1st period - Drake Caggiula is hit by Teddy Blueger and loses puck.
5:41 of 1st period - Backhand shot by Carl Hagelin.
5:41 of 1st period - Stopped by Eric Comrie with a rebound.
6:00 of 1st period - Icing by Emil Bemstrom.
6:01 of 1st period - Philipp Kurashev wins face-off versus Filip Chytil in Havana Tropicals zone.
6:06 of 1st period - Snap shot by Brian Boyle.
6:06 of 1st period - Shot Blocked by Emil Bemstrom.
6:06 of 1st period - Emil Bemstrom from Havana Tropicals is injured at 6:06 of 1st period (Bruised Right Shoulder).
6:07 of 1st period - Teddy Blueger wins face-off versus Luke Glendening in Havana Tropicals zone.
6:16 of 1st period - Snap shot by Carl Hagelin.
6:16 of 1st period - Stopped by Eric Comrie without a rebound.
6:17 of 1st period - Luke Glendening wins face-off versus Teddy Blueger in Havana Tropicals zone.
6:32 of 1st period - Snap shot by Luke Glendening.
6:32 of 1st period - Stopped by Eric Comrie with a rebound.
6:34 of 1st period - Slapshot by Andy Greene.
6:34 of 1st period - Deflect By Zach Whitecloud.
6:34 of 1st period - Stopped by Eric Comrie with a rebound.
6:36 of 1st period - Slapshot by Andy Greene.
6:36 of 1st period - Shot Misses the Net.
6:56 of 1st period - Wrist shot by Carl Hagelin.
6:56 of 1st period - Stopped by Eric Comrie with a rebound.
6:58 of 1st period - Snap shot by Ryan Lindgren.
6:58 of 1st period - Stopped by Eric Comrie without a rebound.
6:59 of 1st period - Chris Tierney wins face-off versus Mathieu Perreault in Havana Tropicals zone.
6:59 of 1st period - Chris Tierney is hit by Drake Caggiula.
7:31 of 1st period - Brian Boyle is hit by Timothy Liljegren and loses puck.
7:53 of 1st period - Minor Penalty to Sam Carrick for Interference.
7:54 of 1st period - Teddy Blueger wins face-off versus Luke Glendening in Rock Island Raccoons zone.
7:57 of 1st period - Wrist shot by Teddy Blueger.
7:57 of 1st period - Shot Misses the Net.
8:23 of 1st period - Wrist shot by Sammy Blais.
8:23 of 1st period - Stopped by Braden Holtby without a rebound.
8:24 of 1st period - Teddy Blueger wins face-off versus Mathieu Perreault in Rock Island Raccoons zone.
8:57 of 1st period - Wrist shot by Sammy Blais.
8:57 of 1st period - Stopped by Braden Holtby without a rebound.
8:58 of 1st period - Luke Glendening wins face-off versus Chris Tierney in Rock Island Raccoons zone.
9:13 of 1st period - Snap shot by Sammy Blais.
9:13 of 1st period - Deflect By Carl Hagelin.
9:13 of 1st period - Shot Blocked by Ryan Lindgren.
9:13 of 1st period - Puck is out of play.
9:14 of 1st period - Teddy Blueger wins face-off versus Luke Glendening in Rock Island Raccoons zone.
9:17 of 1st period - Wrist shot by Zach Aston-Reese.
9:17 of 1st period - Deflect By Teddy Blueger.
9:17 of 1st period - Shot Misses the Net.
9:17 of 1st period - Puck is out of play.
9:18 of 1st period - Teddy Blueger wins face-off versus Luke Glendening in Rock Island Raccoons zone.
9:23 of 1st period - Snap shot by Zach Aston-Reese.
9:23 of 1st period - Deflect By Pierre-Edouard Bellemare.
9:23 of 1st period - Shot Misses the Net.
9:23 of 1st period - Puck is out of play.
9:24 of 1st period - Teddy Blueger wins face-off versus Carl Hagelin in Rock Island Raccoons zone.
9:47 of 1st period - Snap shot by Teddy Blueger.
9:47 of 1st period - Stopped by Braden Holtby without a rebound.
9:48 of 1st period - Chris Tierney wins face-off versus Luke Glendening in Rock Island Raccoons zone.
9:53 of 1st period - Penalty to Sam Carrick is over, Sam Carrick is back on ice.
10:03 of 1st period - Backhand shot by Sammy Blais.
10:03 of 1st period - Shot Misses the Net.
10:13 of 1st period - Carl Hagelin is hit by Timothy Liljegren and loses puck.
10:24 of 1st period - Nolan Foote is hit by Sam Carrick and loses puck.
10:31 of 1st period - Snap shot by Luke Glendening.
10:31 of 1st period - Stopped by Eric Comrie with a rebound.
10:33 of 1st period - Snap shot by Carl Hagelin.
10:33 of 1st period - Shot Misses the Net.
10:35 of 1st period - Snap shot by Carl Hagelin.
10:35 of 1st period - Stopped by Eric Comrie without a rebound.
10:36 of 1st period - Mathieu Perreault wins face-off versus Teddy Blueger in Havana Tropicals zone.
11:10 of 1st period - Snap shot by Zach Aston-Reese.
11:10 of 1st period - Stopped by Braden Holtby with a rebound.
11:18 of 1st period - Snap shot by Zach Aston-Reese.
11:18 of 1st period - Stopped by Braden Holtby without a rebound.
11:19 of 1st period - Chris Tierney wins face-off versus Mathieu Perreault in Rock Island Raccoons zone.
11:30 of 1st period - Wrist shot by Andrew Ladd.
11:30 of 1st period - Stopped by Eric Comrie without a rebound.
11:31 of 1st period - Luke Glendening wins face-off versus Chris Tierney in Havana Tropicals zone.
11:36 of 1st period - Wrist shot by Luke Glendening.
11:36 of 1st period - Stopped by Eric Comrie with a rebound.
11:56 of 1st period - Zach Whitecloud is hit by Drake Caggiula and loses puck.
12:19 of 1st period - Wrist shot by Brian Boyle.
12:19 of 1st period - Stopped by Eric Comrie without a rebound.
12:20 of 1st period - Filip Chytil wins face-off versus Chris Tierney in Havana Tropicals zone.
12:43 of 1st period - Mathieu Perreault is hit by Teddy Blueger.
12:51 of 1st period - Teddy Blueger is hit by Ben Harpur and loses puck.
13:09 of 1st period - Icing by Luke Glendening.
13:10 of 1st period - Carl Hagelin wins face-off versus Philipp Kurashev in Rock Island Raccoons zone.
13:10 of 1st period - Carl Hagelin is hit by Tucker Poolman.
13:16 of 1st period - Wrist shot by Pavel Dorofeyev.
13:16 of 1st period - Stopped by Braden Holtby with a rebound.
13:18 of 1st period - Slapshot by Dennis Cholowski.
13:18 of 1st period - Shot Misses the Net.
13:35 of 1st period - Wrist shot by Carl Hagelin.
13:35 of 1st period - Stopped by Eric Comrie without a rebound.
13:36 of 1st period - Luke Glendening wins face-off versus Chris Tierney in Havana Tropicals zone.
13:37 of 1st period - Snap shot by Carl Hagelin.
13:37 of 1st period - Shot Misses the Net.
13:39 of 1st period - Wrist shot by Carl Hagelin.
13:39 of 1st period - Shot Misses the Net.
13:41 of 1st period - Wrist shot by Luke Glendening.
13:41 of 1st period - Deflect By Zach Whitecloud.
13:41 of 1st period - Goal by Luke Glendening - Havana Tropicals : 0 - Rock Island Raccoons : 1.
13:42 of 1st period - Luke Glendening wins face-off versus Teddy Blueger in neutral zone.
13:52 of 1st period - Minor Penalty to Ryan Lindgren for Hooking.
13:53 of 1st period - Luke Glendening wins face-off versus Teddy Blueger in Rock Island Raccoons zone.
15:52 of 1st period - Penalty to Ryan Lindgren is over, Ryan Lindgren is back on ice.
17:43 of 1st period - Icing by Mathieu Perreault.
17:44 of 1st period - Mathieu Perreault wins face-off versus Henrik Borgstrom in Rock Island Raccoons zone.
18:01 of 1st period - Snap shot by Luke Glendening.
18:01 of 1st period - Stopped by Eric Comrie with a rebound.
18:03 of 1st period - Slapshot by Logan Stanley.
18:03 of 1st period - Shot Misses the Net.
18:36 of 1st period - Minor Penalty to Henrik Borgstrom for Tripping.
18:37 of 1st period - Teddy Blueger wins face-off versus Luke Glendening in Havana Tropicals zone.
18:47 of 1st period - Slapshot by Carl Hagelin.
18:47 of 1st period - Shot Misses the Net.
18:51 of 1st period - Snap shot by Carl Hagelin.
18:51 of 1st period - Stopped by Eric Comrie with a rebound.
19:23 of 1st period - Teddy Blueger is hit by Brendan Smith and loses puck.
Goals for this period are 0 for Havana Tropicals vs 1 for Rock Island Raccoons.
Shots for this period are 8 for Havana Tropicals vs 15 for Rock Island Raccoons.
2nd period
0:01 of 2nd period - Teddy Blueger wins face-off versus Carl Hagelin in neutral zone.
0:10 of 2nd period - Snap shot by Pierre-Edouard Bellemare.
0:10 of 2nd period - Shot Misses the Net.
0:16 of 2nd period - Snap shot by Carl Hagelin.
0:16 of 2nd period - Stopped by Eric Comrie with a rebound.
0:26 of 2nd period - Andrew Ladd is hit by Teddy Blueger and loses puck.
0:36 of 2nd period - Penalty to Henrik Borgstrom is over, Henrik Borgstrom is back on ice.
0:47 of 2nd period - Wrist shot by Brian Boyle.
0:47 of 2nd period - Stopped by Eric Comrie with a rebound.
0:49 of 2nd period - Slapshot by Logan Stanley.
0:49 of 2nd period - Shot Blocked by Timothy Liljegren.
1:03 of 2nd period - Wrist shot by Sam Carrick.
1:03 of 2nd period - Deflect By Milan Lucic.
1:03 of 2nd period - Shot Blocked by Timothy Liljegren.
1:03 of 2nd period - Puck is out of play.
1:04 of 2nd period - Chris Tierney wins face-off versus Drake Caggiula in Havana Tropicals zone.
1:04 of 2nd period - Chris Tierney is hit by Andrew Ladd.
1:09 of 2nd period - Ben Harpur and Zach Whitecloud fight to a draw.
1:09 of 2nd period - Penalty to Ben Harpur for Fighting.
1:09 of 2nd period - Penalty to Zach Whitecloud for Fighting.
1:10 of 2nd period - Luke Glendening wins face-off versus Teddy Blueger in Rock Island Raccoons zone.
1:21 of 2nd period - Wrist shot by Luke Glendening.
1:21 of 2nd period - Stopped by Eric Comrie with a rebound.
1:44 of 2nd period - Snap shot by Mathieu Perreault.
1:44 of 2nd period - Stopped by Eric Comrie with a rebound.
1:46 of 2nd period - Wrist shot by Drake Caggiula.
1:46 of 2nd period - Stopped by Eric Comrie without a rebound.
1:47 of 2nd period - Carl Hagelin wins face-off versus Teddy Blueger in Havana Tropicals zone.
1:48 of 2nd period - Snap shot by Luke Glendening.
1:48 of 2nd period - Shot Blocked by Timothy Liljegren.
1:52 of 2nd period - Slapshot by Carl Hagelin.
1:52 of 2nd period - Stopped by Eric Comrie without a rebound.
1:53 of 2nd period - Luke Glendening wins face-off versus Teddy Blueger in Havana Tropicals zone.
1:57 of 2nd period - Icing by Robert Bortuzzo.
1:58 of 2nd period - Luke Glendening wins face-off versus Teddy Blueger in Havana Tropicals zone.
2:01 of 2nd period - Wrist shot by Luke Glendening.
2:01 of 2nd period - Deflect By Carl Hagelin.
2:01 of 2nd period - Shot Misses the Net.
2:01 of 2nd period - Puck is out of play.
2:02 of 2nd period - Luke Glendening wins face-off versus Teddy Blueger in Havana Tropicals zone.
2:09 of 2nd period - Snap shot by Pierre-Edouard Bellemare.
2:09 of 2nd period - Stopped by Braden Holtby without a rebound.
2:10 of 2nd period - Teddy Blueger wins face-off versus Luke Glendening in Rock Island Raccoons zone.
2:19 of 2nd period - Teddy Blueger is hit by Carl Hagelin and loses puck.
2:30 of 2nd period - Snap shot by Zach Aston-Reese.
2:30 of 2nd period - Stopped by Braden Holtby with a rebound.
2:50 of 2nd period - Snap shot by Milan Lucic.
2:50 of 2nd period - Shot Misses the Net.
2:52 of 2nd period - Wrist shot by Chris Tierney.
2:52 of 2nd period - Stopped by Braden Holtby with a rebound.
3:44 of 2nd period - Wrist shot by Andrew Ladd.
3:44 of 2nd period - Stopped by Eric Comrie without a rebound.
3:45 of 2nd period - Philipp Kurashev wins face-off versus Mathieu Perreault in Havana Tropicals zone.
3:50 of 2nd period - Snap shot by Philipp Kurashev.
3:50 of 2nd period - Goal by Philipp Kurashev - Havana Tropicals : 1 - Rock Island Raccoons : 1.
3:51 of 2nd period - Teddy Blueger wins face-off versus Luke Glendening in neutral zone.
4:08 of 2nd period - Ryan Lindgren is hit by Teddy Blueger.
4:25 of 2nd period - Wrist shot by Chris Tierney.
4:25 of 2nd period - Stopped by Braden Holtby with a rebound.
5:13 of 2nd period - Snap shot by Mathieu Perreault.
5:13 of 2nd period - Shot Blocked by Robert Bortuzzo.
5:15 of 2nd period - Snap shot by Jake Walman.
5:15 of 2nd period - Stopped by Eric Comrie with a rebound.
6:14 of 2nd period - Ryan Lindgren is hit by Nolan Foote and loses puck.
6:27 of 2nd period - Snap shot by Philipp Kurashev.
6:27 of 2nd period - Stopped by Braden Holtby with a rebound.
6:57 of 2nd period - Filip Chytil is hit by Zach Aston-Reese.
7:24 of 2nd period - Ben Harpur is hit by Tucker Poolman and loses puck.
8:19 of 2nd period - Philipp Kurashev is hit by Nate Thompson.
10:28 of 2nd period - Mathieu Perreault is hit by Tucker Poolman and loses puck.
11:27 of 2nd period - Andrew Ladd is hit by Alexander Nylander and loses puck.
11:34 of 2nd period - Nolan Foote is hit by Mathieu Perreault and loses puck.
11:55 of 2nd period - Dennis Cholowski is hit by Sam Carrick and loses puck.
12:18 of 2nd period - Luke Glendening is hit by Timothy Liljegren and loses puck.
13:49 of 2nd period - Timothy Liljegren is hit by Brian Boyle and loses puck.
14:06 of 2nd period - Carl Hagelin is hit by Alexander Nylander and loses puck.
14:27 of 2nd period - Chris Tierney is hit by Ben Harpur and loses puck.
14:41 of 2nd period - Icing by Sammy Blais.
14:42 of 2nd period - Teddy Blueger wins face-off versus Luke Glendening in Havana Tropicals zone.
15:01 of 2nd period - Snap shot by Henrik Borgstrom.
15:01 of 2nd period - Shot Misses the Net.
15:38 of 2nd period - Snap shot by Filip Chytil.
15:38 of 2nd period - Shot Hit the Post.
15:45 of 2nd period - Minor Penalty to Ryan Lindgren for Hooking.
15:46 of 2nd period - Teddy Blueger wins face-off versus Luke Glendening in Rock Island Raccoons zone.
15:55 of 2nd period - Backhand shot by Zach Aston-Reese.
15:55 of 2nd period - Stopped by Braden Holtby with a rebound.
15:57 of 2nd period - Slapshot by Zach Whitecloud.
15:57 of 2nd period - Goal by Zach Whitecloud - Havana Tropicals : 2 - Rock Island Raccoons : 1.
15:58 of 2nd period - Luke Glendening wins face-off versus Pierre-Edouard Bellemare in neutral zone.
16:05 of 2nd period - Wrist shot by Luke Glendening.
16:05 of 2nd period - Shot Misses the Net.
16:11 of 2nd period - Wrist shot by Luke Glendening.
16:11 of 2nd period - Shot Misses the Net.
16:30 of 2nd period - Wrist shot by Drake Caggiula.
16:30 of 2nd period - Shot Misses the Net.
16:32 of 2nd period - Slapshot by Andy Greene.
16:32 of 2nd period - Stopped by Eric Comrie with a rebound.
17:10 of 2nd period - Snap shot by Nolan Foote.
17:10 of 2nd period - Shot Blocked by Gustav Lindstrom.
17:16 of 2nd period - Slapshot by Filip Chytil.
17:16 of 2nd period - Shot Misses the Net.
17:18 of 2nd period - Wrist shot by Filip Chytil.
17:18 of 2nd period - Shot Blocked by Milan Lucic.
17:20 of 2nd period - Slapshot by Logan Stanley.
17:20 of 2nd period - Deflect By Filip Chytil.
17:20 of 2nd period - Stopped by Eric Comrie with a rebound.
17:24 of 2nd period - Snap shot by Filip Chytil.
17:24 of 2nd period - Shot Misses the Net.
17:26 of 2nd period - Snap shot by Brian Boyle.
17:26 of 2nd period - Shot Misses the Net.
17:30 of 2nd period - Snap shot by Filip Chytil.
17:30 of 2nd period - Stopped by Eric Comrie with a rebound.
17:32 of 2nd period - Snap shot by Luke Glendening.
17:32 of 2nd period - Shot Blocked by Chris Tierney.
17:34 of 2nd period - Snap shot by Brian Boyle.
17:34 of 2nd period - Stopped by Eric Comrie with a rebound.
17:36 of 2nd period - Slapshot by Gustav Lindstrom.
17:36 of 2nd period - Stopped by Eric Comrie with a rebound.
17:38 of 2nd period - Snap shot by Filip Chytil.
17:38 of 2nd period - Stopped by Eric Comrie with a rebound.
17:40 of 2nd period - Slapshot by Gustav Lindstrom.
17:40 of 2nd period - Stopped by Eric Comrie with a rebound.
17:47 of 2nd period - Minor Penalty to Dean Kukan for Holding Stick.
17:48 of 2nd period - Mathieu Perreault wins face-off versus Teddy Blueger in Havana Tropicals zone.
18:27 of 2nd period - Wrist shot by Carl Hagelin.
18:27 of 2nd period - Stopped by Eric Comrie with a rebound.
19:47 of 2nd period - Penalty to Dean Kukan is over, Dean Kukan is back on ice.
Goals for this period are 2 for Havana Tropicals vs 0 for Rock Island Raccoons.
Shots for this period are 8 for Havana Tropicals vs 16 for Rock Island Raccoons.
3rd period
0:01 of 3rd period - Teddy Blueger wins face-off versus Luke Glendening in neutral zone.
0:06 of 3rd period - Snap shot by Pierre-Edouard Bellemare.
0:06 of 3rd period - Stopped by Braden Holtby without a rebound.
0:07 of 3rd period - Luke Glendening wins face-off versus Teddy Blueger in Rock Island Raccoons zone.
0:07 of 3rd period - Luke Glendening is hit by Pierre-Edouard Bellemare.
0:45 of 3rd period - Wrist shot by Pierre-Edouard Bellemare.
0:45 of 3rd period - Stopped by Braden Holtby without a rebound.
0:46 of 3rd period - Mathieu Perreault wins face-off versus Chris Tierney in Rock Island Raccoons zone.
1:01 of 3rd period - Snap shot by Drake Caggiula.
1:01 of 3rd period - Shot Misses the Net.
1:38 of 3rd period - Dean Kukan is hit by Sam Carrick and loses puck.
1:49 of 3rd period - Ryan Lindgren is hit by Alexander Nylander and loses puck.
2:32 of 3rd period - Slapshot by Zach Whitecloud.
2:32 of 3rd period - Stopped by Braden Holtby with a rebound.
7:52 of 3rd period - Brendan Smith is hit by Zach Aston-Reese and loses puck.
9:04 of 3rd period - Snap shot by Alex Barre-Boulet.
9:04 of 3rd period - Goal by Alex Barre-Boulet - Havana Tropicals : 2 - Rock Island Raccoons : 2.
9:05 of 3rd period - Teddy Blueger wins face-off versus Brendan Smith in neutral zone.
9:16 of 3rd period - Slapshot by Ryan Lindgren.
9:16 of 3rd period - Shot Misses the Net.
9:28 of 3rd period - Mathieu Perreault is hit by Milan Lucic and loses puck.
9:33 of 3rd period - Snap shot by Sammy Blais.
9:33 of 3rd period - Stopped by Braden Holtby without a rebound.
9:34 of 3rd period - Luke Glendening wins face-off versus Teddy Blueger in Rock Island Raccoons zone.
9:41 of 3rd period - Wrist shot by Carl Hagelin.
9:41 of 3rd period - Stopped by Eric Comrie without a rebound.
9:42 of 3rd period - Carl Hagelin wins face-off versus Zach Aston-Reese in Havana Tropicals zone.
9:56 of 3rd period - Minor Penalty to Zach Aston-Reese for Roughing.
9:57 of 3rd period - Luke Glendening wins face-off versus Teddy Blueger in Havana Tropicals zone.
10:29 of 3rd period - Snap shot by Mathieu Perreault.
10:29 of 3rd period - Shot Misses the Net.
10:31 of 3rd period - Snap shot by Andrew Ladd.
10:31 of 3rd period - Shot Misses the Net.
10:33 of 3rd period - Slapshot by Andy Greene.
10:33 of 3rd period - Stopped by Eric Comrie without a rebound.
10:34 of 3rd period - Chris Tierney wins face-off versus Luke Glendening in Havana Tropicals zone.
10:34 of 3rd period - Chris Tierney is hit by Luke Glendening.
11:26 of 3rd period - Icing by Brendan Smith.
11:27 of 3rd period - Teddy Blueger wins face-off versus Luke Glendening in Rock Island Raccoons zone.
11:36 of 3rd period - Wrist shot by Luke Glendening.
11:36 of 3rd period - Stopped by Eric Comrie with a rebound.
11:38 of 3rd period - Slapshot by Drake Caggiula.
11:38 of 3rd period - Goal by Drake Caggiula - Havana Tropicals : 2 - Rock Island Raccoons : 3.
11:39 of 3rd period - Luke Glendening wins face-off versus Teddy Blueger in neutral zone.
12:11 of 3rd period - Wrist shot by Sammy Blais.
12:11 of 3rd period - Stopped by Braden Holtby without a rebound.
12:12 of 3rd period - Luke Glendening wins face-off versus Chris Tierney in Rock Island Raccoons zone.
12:12 of 3rd period - Luke Glendening is hit by Sammy Blais.
12:18 of 3rd period - Snap shot by Sammy Blais.
12:18 of 3rd period - Shot Misses the Net.
12:26 of 3rd period - Milan Lucic is hit by Gustav Lindstrom and loses puck.
12:37 of 3rd period - Gustav Lindstrom is hit by Timothy Liljegren and loses puck.
12:58 of 3rd period - Slapshot by Philipp Kurashev.
12:58 of 3rd period - Shot Blocked by Ryan Lindgren.
13:00 of 3rd period - Snap shot by Pavel Dorofeyev.
13:00 of 3rd period - Stopped by Braden Holtby with a rebound.
13:12 of 3rd period - Snap shot by Nolan Foote.
13:12 of 3rd period - Shot Misses the Net.
13:14 of 3rd period - Snap shot by Alexander Nylander.
13:14 of 3rd period - Stopped by Braden Holtby without a rebound.
13:15 of 3rd period - Henrik Borgstrom wins face-off versus Sam Carrick in Rock Island Raccoons zone.
13:15 of 3rd period - Logan Stanley beats up Nolan Foote.
13:15 of 3rd period - Penalty to Logan Stanley for Fighting.
13:15 of 3rd period - Penalty to Nolan Foote for Fighting.
13:16 of 3rd period - Luke Glendening wins face-off versus Teddy Blueger in Rock Island Raccoons zone.
13:22 of 3rd period - Wrist shot by Pierre-Edouard Bellemare.
13:22 of 3rd period - Deflect By Zach Aston-Reese.
13:22 of 3rd period - Stopped by Braden Holtby with a rebound.
13:24 of 3rd period - Snap shot by Robert Bortuzzo.
13:24 of 3rd period - Shot Blocked by Brendan Smith.
13:26 of 3rd period - Slapshot by Zach Aston-Reese.
13:26 of 3rd period - Shot Blocked by Carl Hagelin.
13:42 of 3rd period - Andrew Ladd is hit by Robert Bortuzzo and loses puck.
14:01 of 3rd period - Snap shot by Philipp Kurashev.
14:01 of 3rd period - Deflect By Pavel Dorofeyev.
14:01 of 3rd period - Stopped by Braden Holtby without a rebound.
14:02 of 3rd period - Filip Chytil wins face-off versus Philipp Kurashev in Rock Island Raccoons zone.
14:15 of 3rd period - Snap shot by Pavel Dorofeyev.
14:15 of 3rd period - Stopped by Braden Holtby with a rebound.
15:19 of 3rd period - Wrist shot by Carl Hagelin.
15:19 of 3rd period - Shot Misses the Net.
16:17 of 3rd period - Slapshot by Filip Chytil.
16:17 of 3rd period - Stopped by Eric Comrie with a rebound.
16:19 of 3rd period - Slapshot by Ben Harpur.
16:19 of 3rd period - Shot Misses the Net.
16:47 of 3rd period - Brendan Smith is hit by Philipp Kurashev and loses puck.
17:59 of 3rd period - Andy Greene is hit by Pierre-Edouard Bellemare and loses puck.
18:32 of 3rd period - Henrik Borgstrom is hit by Carl Hagelin and loses puck.
19:10 of 3rd period - Snap shot by Luke Glendening.
19:10 of 3rd period - Shot Misses the Net.
19:12 of 3rd period - Snap shot by Carl Hagelin.
19:12 of 3rd period - Goal by Carl Hagelin - Havana Tropicals : 2 - Rock Island Raccoons : 4.
19:13 of 3rd period - Teddy Blueger wins face-off versus Luke Glendening in neutral zone.
19:28 of 3rd period - Minor Penalty to Ben Harpur for Hooking.
19:29 of 3rd period - Teddy Blueger wins face-off versus Luke Glendening in Rock Island Raccoons zone.
19:52 of 3rd period - Ryan Lindgren is hit by Sammy Blais and loses puck.
Goals for this period are 0 for Havana Tropicals vs 3 for Rock Island Raccoons.
Shots for this period are 10 for Havana Tropicals vs 7 for Rock Island Raccoons.
Back to the Top